AoeStats
← [GG] Shevchenko 7

MegaRandom

504904053Analyzed
4v4 RM · 27d ago on Sep 7, 2026· 101m 8s· 8 players
Game mode
Random Map
Map size
Large (8 player)
Population
200
Speed
Normal
Resources
Standard
Victory
Conquest
Starting age
Dark Age
Ending age
Imperial Age
RankedLock teamsTeams togetherTeam positionsShared explorationLock speedFull tech treeHidden civsTurbo modeCheats
Victory
Defeat
1028
+15
🇧🇷 Japanese · Brazil
1006
+16
🇧🇷 Portuguese · Brazil
973
+18
🇧🇷 Turks · Brazil
917
+20
🇨🇱 Ethiopians · Chile
1162
-23
🇨🇱 Celts · Chile
1039
-19
🇨🇱 Vietnamese · Chile
955
-15
🇨🇱 Dravidians · Chile
888
-12
[GG] Shevchenko 7
3:16 Loom
12:08 Feudal Age
21:10 Castle Age
22:17 Double-Bit Axe
31:32 Imperial Age
32:22 Bow Saw
32:32 Light Cavalry
34:42 Fletching
38:01 Wheelbarrow
39:03 Hand Cart
38:11 Elite Skirmisher
39:18 Bloodlines
39:28 Bodkin Arrow
39:38 Scale Barding Armor
40:21 Forging
43:34 Chain Barding Armor
46:05 Chemistry
45:25 Ballistics
45:47 Padded Archer Armor
48:16 Husbandry
48:54 Plate Barding Armor
48:20 Bracer
48:45 Bombard Tower
59:25 Iron Casting
59:06 Leather Archer Armor
73:56 Sanctity
73:47 Redemption
77:48 Elite Organ Gun
98:38 Blast Furnace
100:01 Arquebus
100:02 Circumnavigation
[GG] Ibrahimovic
5:49 Loom
14:48 Feudal Age
23:39 Town Watch
29:36 Fishing Lines
34:44 Castle Age
33:23 Double-Bit Axe
36:12 Bow Saw
39:43 Imperial Age
41:52 Padded Archer Armor
43:16 Leather Archer Armor
48:48 Ring Archer Armor
53:27 Gillnets
55:27 Wheelbarrow
82:52 Capped Ram
86:58 Siege Ram
[GG] Raúl González Blanco
2:35 Loom
12:08 Feudal Age
12:41 Town Watch
15:58 Bloodlines
22:01 Castle Age
20:20 Double-Bit Axe
26:11 Kamandaran
27:28 Crossbowman
30:07 Thumb Ring
30:48 Padded Archer Armor
31:47 Leather Archer Armor
33:04 Fletching
36:31 Bodkin Arrow
36:44 Husbandry
38:03 Scale Barding Armor
39:05 Chain Barding Armor
43:43 Imperial Age
41:51 Bow Saw
44:55 Ring Archer Armor
44:36 Forging
45:51 Cavalier
48:18 Plate Barding Armor
48:21 Iron Casting
49:38 Chemistry
49:29 Light Cavalry
52:59 Hussar
56:44 Blast Furnace
57:23 Town Patrol
57:58 Wheelbarrow
59:58 Savar
72:48 Fervor
76:22 Ballistics
[GG] Trezeguet
14:24 Feudal Age
13:32 Loom
19:10 Castle Age
17:12 Double-Bit Axe
17:39 Gold Mining
19:52 Wheelbarrow
19:13 Stone Mining
24:04 Forging
23:56 Scale Mail Armor
36:40 Imperial Age
37:57 Hand Cart
40:34 Gold Shaft Mining
45:37 Iron Casting
46:00 Chain Mail Armor
46:36 Elite Skirmisher
47:42 Pikeman
48:23 Squires
53:48 Plate Mail Armor
Sonry
0:46 Loom
12:43 Feudal Age
12:47 Man-at-Arms
15:41 Forging
15:50 Scale Mail Armor
22:45 Castle Age
22:24 Fletching
22:52 Long Swordsman
24:27 Gambesons
24:43 Pikeman
29:13 Arson
30:32 Iron Casting
31:18 Chain Mail Armor
32:23 Bodkin Arrow
40:16 Imperial Age
41:45 Conscription
41:19 Two-Handed Swordsman
43:00 Wheelbarrow
45:47 Champion
49:47 Blast Furnace
51:24 Plate Mail Armor
50:48 Halberdier
Herss1
5:31 Loom
12:32 Feudal Age
13:47 Double-Bit Axe
15:15 Fletching
17:48 Horse Collar
18:22 Fishing Lines
24:47 Castle Age
24:52 Crossbowman
25:40 Thumb Ring
25:33 Bodkin Arrow
25:39 Padded Archer Armor
26:03 Bow Saw
27:07 Wheelbarrow
28:17 Ballistics
28:28 Gold Mining
29:45 Gillnets
30:45 Stone Mining
31:30 Gold Shaft Mining
35:50 Imperial Age
34:19 Leather Archer Armor
35:57 Arbalester
36:41 Bracer
37:06 Conscription
38:03 Chemistry
39:19 Hand Cart
41:09 Town Watch
43:53 Siege Engineers
44:46 Capped Ram
46:49 Masonry
46:34 Murder Holes
47:00 Siege Ram
51:20 Conscription
51:01 Torsion Engines
52:11 Halberdier
52:51 Squires
52:37 Arson
53:12 Elite Skirmisher
55:03 Imperial Skirmisher
59:00 Ring Archer Armor
58:41 Forging
58:31 Scale Mail Armor
57:58 Elite Shotel Warrior
58:39 Royal Heirs
62:17 Iron Casting
61:58 Chain Mail Armor
73:22 Blast Furnace
72:53 Plate Mail Armor
84:40 Heavy Plow
88:26 Architecture
Dwirn
2:40 Loom
13:15 Feudal Age
18:22 Double-Bit Axe
22:03 Castle Age
20:51 Man-at-Arms
24:33 Bow Saw
24:04 Horse Collar
24:45 Long Swordsman
25:13 Gambesons
25:28 Squires
27:24 Forging
27:14 Scale Mail Armor
29:36 Heavy Plow
29:32 Gold Mining
29:33 Stone Mining
36:49 Imperial Age
34:49 Town Watch
35:30 Arson
37:29 Two-Handed Swordsman
38:26 Elite Skirmisher
40:29 Champion
41:21 Pikeman
50:52 Imperial Skirmisher
93:53 Ballistics
gabusho
7:18 Loom
12:51 Feudal Age
14:07 Double-Bit Axe
25:20 Castle Age
23:50 Fletching
25:26 Crossbowman
26:27 Crossbowman
28:09 Thumb Ring
31:08 Bodkin Arrow
36:32 Ballistics
37:22 Bow Saw
38:48 Elite Skirmisher
63:48 Padded Archer Armor
Connection lost

Rejoining the realm…

Still unreachable

The connection could not be restored.

Session expired

The server has moved on; the page needs a fresh start.